[Event "*** Titled Tuesday Blitz"]
[Site "Chess.com"]
[Date "2019.11.05"]
[Round "2"]
[White "DishonorOnYourCow"]
[Black "Nazar-Nazar"]
[Result "0-1"]
[WhiteElo "2214"]
[BlackElo "2493"]
[TimeControl "180+2"]
[EndTime "13:24:26 PST"]
[Termination "Nazar-Nazar won by resignation"]

1. d4 d5 2. c4 c6 3. Nf3 Nf6 4.
e3 Bf5 5. Nc3 e6 6. Nh4 Bg6 7.
Qb3 Qc7 8. Bd2 Nbd7 9. cxd5 exd5 10. Rc1 Qb6 11. Nxg6 Qxb3 12. axb3 hxg6 13. Bd3 Bd6 14. Na4 a6 15. Nc5 Nxc5 16. dxc5 Be5 17. Bc3 Bxc3+ 18.
Rxc3 O-O-O 19. O-O Rh4 20. Rd1 Rdh8 21. h3 Kc7 22. Bf1 Rb4 23. Rd4 a5 24. Rcd3 Ne4 25.
Rxb4 axb4 26. Rd4 Ra8 27. f3 Nxc5 28. Rxb4 Ra2 29. Rf4 f5 30. g4 Ne6 31. Rb4 Rxb2 32. gxf5 gxf5 33. Bd3 g6 34. h4 c5 35. Rb5 Kc6 36. h5 gxh5 37. Ra5 f4 38. exf4 Nxf4 39. Bf5 Ne2+ 40. Kh1 Ng3+ 41. Kg1 Nxf5 0-1

[Event "*** Titled Tuesday Blitz"]
[Site "Chess.com"]
[Date "2019.11.05"]
[Round "2"]
[White "twitchTriniCupid"]
[Black "Perecke"]
[Result "1/2-1/2"]
[WhiteElo "2431"]
[BlackElo "2141"]
[TimeControl "180+2"]
[EndTime "13:24:26 PST"]
[Termination "Game drawn by agreement"]

1. d4 d5 2. Nf3 Nf6 3. c4 e6 4. Nc3 Be7 5. e3 O-O 6. a3 c6 7. cxd5 exd5 8. Bd3 Bg4 9. O-O Nbd7 10. h3 Bh5 11. b3 Re8 12. Be2 Nf8 13. Bb2 Ne6 14. Ne5 Bxe2 15. Nxe2 Nd7 16. Nd3 Bd6 17. Rc1 Qc7 18. b4 a5 19. b5 Qb6 20.
a4 cxb5 21. axb5 Qxb5 22. Rb1 Qa6 23. Nc3 Nf6 24. Ba1 Nc7 25. Nf4 b5 26. Nce2 Ne4 27. f3 Bxf4 28. Nxf4 Nc3 29. Bxc3 Rxe3 30. Bd2 Re7 31.
Re1 Rae8 32. Rxe7 Rxe7 33. Qf1 Qb6 34. Qf2 b4 35. Nd3 Ne6 36. Nxb4 axb4 37. Rxb4 Qc6 38. Rb8+ Re8 39. Rxe8+ Qxe8 40. Qe3 Qb8 41. Qe5 Qxe5 42.
dxe5 Kf8 43. Kf2 Ke7 44. Ke3 Kd7 45. Bb4 Nc7 46. Kd4 Ke6 47. f4 g6 48. g4 Nb5+ 49. Kc5 Nc7 50. Kc6 Na6 51. Bc3 Nb8+ 52. Kc7 Nd7 53. Kc6 1/2-1/2

[Event "*** Titled Tuesday Blitz"]
[Site "Chess.com"]
[Date "2019.11.05"]
[Round "2"]
[White "RoelandPruijssers"]
[Black "DanielNaroditsky"]
[Result "0-1"]
[WhiteElo "2639"]
[BlackElo "2971"]
[TimeControl "180+2"]
[EndTime "13:24:27 PST"]
[Termination "DanielNaroditsky won by resignation"]

1. e4 e5 2. Nf3 Nc6 3. Bb5 a6 4. Ba4 Nf6 5. O-O Be7 6. Re1 b5 7. Bb3 d6 8. c3 O-O 9. h3 Na5 10.
Bc2 c5 11. d4 Nd7 12. d5 Bf6 13. a4 c4 14. Be3 g6 15. Nbd2 Bb7 16. Qe2 Bg7 17. Ra3 Nc5 18. Rea1 Qc7 19. R1a2 Bc8 20. axb5 axb5 21. Qf1 Bd7 22. Qa1 Na4 23. b4 cxb3 24. Bxb3 f5 25. Bg5 h6 26. Be7 Rfe8 27. Bh4 f4 28. c4 g5 29. cxb5 Nxb3 30. Rxb3 Nb6 31. Rxa8 Rxa8 32. Qb2 gxh4 33. Rc3 Qd8 34. Qb4 Bf8 35.
Nc4 Na4 36. Rc1 Nc5 37. b6 Nd3 38. Qc3 Nxc1 39. b7 Rb8 40. Qxc1 Rxb7 41. Nfxe5 dxe5 42. Nxe5 Qf6 43. Qc3 0-1

[Event "*** Titled Tuesday Blitz"]
[Site "Chess.com"]
[Date "2019.11.05"]
[Round "2"]
[White "Irishchessman16"]
[Black "GasconJR"]
[Result "0-1"]
[WhiteElo "2179"]
[BlackElo "2461"]
[TimeControl "180+2"]
[EndTime "13:24:27 PST"]
[Termination "GasconJR won by resignation"]

1. d4 Nf6 2. c4 g6 3. Nc3 Bg7 4. e4 d6 5. h3 O-O 6. Be3 e5 7.
d5 Na6 8. g4 Nc5 9. f3 a5 10.
Qd2 Nfd7 11. Nge2 Bf6 12. g5 Bg7 13. h4 f5 14. exf5 gxf5 15. O-O-O e4 16. fxe4 fxe4 17. Ng3 Qe7 18. Be2 Ne5 19. Bxc5 dxc5 20. Ngxe4 Bf5 21.
Rde1 Rae8 22. Rhf1 Bxe4 23. Nxe4 Rxf1 24. Bxf1 Qf8 25.
d6 cxd6 26. Qd5+ Kh8 27. Kc2 Nf3 28. Rd1 Nd4+ 29. Kb1 Be5 30. Bg2 Qf4 31. Rf1 Qe3 32. Nf2 Qe2 33. Qe4 Qd2 34. Qd3 Nf3 35. Qc2 Qxc2+ 36. Kxc2 Rf8 37. Kd3 Nh2 0-1

[Event "*** Titled Tuesday Blitz"]
[Site "Chess.com"]
[Date "2019.11.05"]
[Round "2"]
[White "Saitama_Hero"]
[Black "FedaMaster"]
[Result "0-1"]
[WhiteElo "2351"]
[BlackElo "2647"]
[TimeControl "180+2"]
[EndTime "13:24:29 PST"]
[Termination "FedaMaster won on time"]

1. d4 Nf6 2. c4 g6 3. Nc3 d5 4. cxd5 Nxd5 5. e4 Nxc3 6. bxc3 Bg7 7. Nf3 c5 8. Be3 O-O 9. Rc1 Qa5 10. Nd2 Qxa2 11.
Bc4 Qa5 12. Nb3 Qa4 13. Qe2 cxd4 14. cxd4 Qb4+ 15. Bd2 Qd6 16. O-O Nc6 17. e5 Qd8 18. Bc3 e6 19. Rfd1 Ne7 20. Bb4 Re8 21. Bd6 Bd7 22. Nc5 Bc6 23. Bb5 Nd5 24. Bxc6 bxc6 25. Qd2 Qh4 26. g3 Qh3 27. Ne4 Qf5 28. Qd3 h5 29. Rxc6 Rec8 30. Rdc1 Rxc6 31. Rxc6 a5 32.
Kg2 a4 33. f3 Bf8 34. Bxf8 Kxf8 35. Qa3+ Kg7 36. Rc2 h4 37. Rb2 h3+ 38. Kf2 g5 39. Rb7 g4 40. Qd3 a3 0-1

[Event "*** Titled Tuesday Blitz"]
[Site "Chess.com"]
[Date "2019.11.05"]
[Round "2"]
[White "13MiRacLe"]
[Black "PowerThinking2650"]
[Result "1-0"]
[WhiteElo "2613"]
[BlackElo "2336"]
[TimeControl "180+2"]
[EndTime "13:24:30 PST"]
[Termination "13MiRacLe won on time"]

1. e4 e5 2. Nf3 Nc6 3. Bb5 a6 4. Ba4 Nf6 5. O-O Be7 6. Re1 b5 7. Bb3 d6 8. a4 b4 9. d4 Bg4 10. dxe5 Nxe5 11. Nbd2 O-O 12. h3 Bh5 13. g4 Bg6 14. Nd4 c5 15. Nf5 Nc6 16. Nf3 Na5 17.
Bf4 c4 18. Ba2 d5 19. Nxe7+ Qxe7 20. exd5 Qb7 21. d6 Nd5 22. Bg3 Rfe8 23. Ne5 b3 24. cxb3 Nxb3 25. Bxb3 cxb3 26. Nxg6 hxg6 27. Qd4 Nb4 28. d7 Rxe1+ 29. Rxe1 Nc2 30. Re8+ Kh7 31. Qd3 Nb4 32. Qxb3 1-0

[Event "*** Titled Tuesday Blitz"]
[Site "Chess.com"]
[Date "2019.11.05"]
[Round "2"]
[White "Zhuu96"]
[Black "AtabayevSaparmyrat"]
[Result "1-0"]
[WhiteElo "2976"]
[BlackElo "2641"]
[TimeControl "180+2"]
[EndTime "13:24:33 PST"]
[Termination "Zhuu96 won by resignation"]

1. Nf3 Nf6 2. c4 e6 3. Nc3 d5 4. d4 Be7 5. g3 O-O 6. Bg2 dxc4 7.
Ne5 Nc6 8. Bxc6 bxc6 9. Nxc6 Qe8 10. Nxe7+ Qxe7 11. Qa4 e5 12. dxe5 Qxe5 13. Qxc4 Be6 14. Bf4 Bxc4 15. Bxe5 Nd5 16. b3 Nxc3 17. bxc4 Na4 18.
O-O Rfe8 19. Bxc7 Rxe2 20. Rfe1 Rxe1+ 21. Rxe1 Nb2 22. Re4 Rc8 23. c5 f5 24. Re7 Nd3 25.
c6 g6 26. a3 Nc5 27. Be5 Rxc6 28. Rg7+ Kf8 29. Rxa7 Nd3 30. Bd4 h5 31. Be3 Rc4 32. a4 f4 33. gxf4 Nxf4 34. a5 Nd5 35. a6 Ra4 36.
Ra8+ Kg7 37. a7 Nxe3 38. fxe3 g5 39. h3 g4 40. hxg4 hxg4 41. e4 Kh7 42. e5 g3 43.
e6 Re4 44. Rh8+ Kxh8 45. a8=Q+ Kg7 46. Qxe4 1-0

[Event "*** Titled Tuesday Blitz"]
[Site "Chess.com"]
[Date "2019.11.05"]
[Round "2"]
[White "Zq1"]
[Black "MITerryble"]
[Result "0-1"]
[WhiteElo "2600"]
[BlackElo "2873"]
[TimeControl "180+2"]
[EndTime "13:24:35 PST"]
[Termination "MITerryble won by resignation"]

1. d4 e6 2. c4 Bb4+ 3. Nd2 Nf6 4. g3 O-O 5. Bg2 d5 6. Nf3 b6 7. O-O Bb7 8. a3 Be7 9. b4 a5 10. b5 Nbd7 11. Bb2 Ne4 12. cxd5 exd5 13. Qc2 Nxd2 14. Qxd2 c6 15. bxc6 Bxc6 16. Rfc1 Rc8 17. Bh3 Rc7 18. Rc2 Bb7 19. Rxc7 Qxc7 20. Rc1 Qd8 21. Qc2 Bd6 22.
Ne5 Nxe5 23. dxe5 Bc5 24. Qd2 d4 25. f3 Qd5 26. Rd1 Qxe5 27. Kh1 Re8 28. Bf1 Rd8 29. Qf4 Qxf4 30. gxf4 Rd6 31. Bg2 f5 32. h4 Kf7 33.
Kh2 Re6 34. Bxd4 Rxe2 35. Bxc5 Bxf3 36. Rd7+ Ke8 37. Re7+ Rxe7 38. Bxe7 Bxg2 39. Bd6 Kd7 40. Be5 Bd5 41. Bxg7 Kc6 42. Bf8 Kb5 43. h5 Ka4 44. h6 b5 45. Kg3 b4 46. axb4 axb4 47. Kh4 Bf7 48. Kg5 Bg6 49. Bg7 Ka3 50. Bf8 Kb3 51.
Bd6 Kc3 52. Kf6 b3 0-1

[Event "*** Titled Tuesday Blitz"]
[Site "Chess.com"]
[Date "2019.11.05"]
[Round "2"]
[White "Darhild"]
[Black "esskeettit"]
[Result "1-0"]
[WhiteElo "2700"]
[BlackElo "2407"]
[TimeControl "180+2"]
[EndTime "13:24:36 PST"]
[Termination "Darhild won by checkmate"]

1. e4 c5 2. Nf3 Nc6 3. d4 cxd4 4. Nxd4 g6 5. Nc3 Bg7 6. Nb3 Nf6 7. Be2 d6 8. O-O O-O 9. Bg5 Be6 10. Kh1 Rc8 11.
f4 a6 12. Bf3 Bc4 13. Rf2 b5 14. Nd5 Bxd5 15. exd5 Na5 16. Nxa5 Qxa5 17. a3 Qb6 18. Qe1 h6 19. Bxf6 Bxf6 20. c3 Rc4 21. g3 Rfc8 22. h4 a5 23. h5 b4 24. axb4 axb4 25.
hxg6 fxg6 26. cxb4 Qxb4 27. Qe6+ Kg7 28. Ra7 Rc1+ 29.
Kg2 R1c7 30. Rxc7 Rxc7 31. Qg4 Bxb2 32. Re2 Bf6 33. Be4 g5 34. Qf5 Qc4 35. Qh7+ Kf8 36. Rf2 Qd4 37. Qxh6+ Ke8 38. Qg6+ Kd7 39. Bf5+ Kd8 40.
Qg8# 1-0

[Event "*** Titled Tuesday Blitz"]
[Site "Chess.com"]
[Date "2019.11.05"]
[Round "2"]
[White "HrvojeZagreb"]
[Black "hypert"]
[Result "0-1"]
[WhiteElo "2165"]
[BlackElo "2444"]
[TimeControl "180+2"]
[EndTime "13:24:39 PST"]
[Termination "hypert won by resignation"]

1. d4 Nf6 2. Bf4 d5 3. e3 e6 4. Nf3 Bd6 5. Bg3 c5 6. c3 O-O 7. Nbd2 b6 8. Bd3 Ba6 9. Qe2 Bxd3 10. Qxd3 Nc6 11. e4 Nxe4 12. Nxe4 dxe4 13. Qxe4 Ne7 14. O-O-O c4 15. Bh4 Qc7 16. Bxe7 Bxe7 17.
Ne5 Bd6 18. f4 b5 19. Rhf1 a5 20. Rf3 b4 21. Rh3 g6 22. g4 f6 23. Nxg6 hxg6 24. Qxg6+ Qg7 25. Qe4 Rae8 26. Rg1 bxc3 27. Rxc3 Rf7 28.
Rgg3 Qh6 29. g5 Qxh2 30. gxf6+ Kf8 31. Qg6 Qh1+ 32. Rg1 Qh8 33. Rh3 Bxf4+ 34. Kb1 Qxf6 35. Qg4 Qf5+ 36. Qxf5 exf5 37. Rf1 Be3 38. Rhf3 f4 39. Rh1 Bxd4 40. b3 cxb3 41. axb3 Re3 42. Rhf1 Rxf3 43. Rxf3 Be3 44. Kc2 Rc7+ 45. Kd3 Ke7 46. Rf1 Ke6 47. Ra1 Rd7+ 48. Ke4 Rd4+ 49. Kf3 Rd5 50. Ra4 Rb5 51. Ra3 Ke5 52. Ke2 Bc5 0-1

[Event "*** Titled Tuesday Blitz"]
[Site "Chess.com"]
[Date "2019.11.05"]
[Round "2"]
[White "SONOFHOLYGOD"]
[Black "Walter_White_Poland"]
[Result "0-1"]
[WhiteElo "2506"]
[BlackElo "2315"]
[TimeControl "180+2"]
[EndTime "13:24:43 PST"]
[Termination "Walter_White_Poland won by resignation"]

1. d4 Nf6 2. c4 c5 3. d5 e6 4.
Nc3 exd5 5. cxd5 d6 6. Nf3 g6 7. Nd2 Bg7 8. Nc4 O-O 9. Bf4 Na6 10. a4 Re8 11. e3 Ne4 12. Nxe4 Rxe4 13. Bd3 Rxc4 14.
Bxc4 Bxb2 15. O-O Nb4 16. Rb1 Bg7 17. e4 Qe7 18. Re1 Bd7 19. Bg3 Re8 20. Kh1 h5 21. h3 h4 22. Bh2 Be5 23. f4 Bd4 24. e5 Bf5 25. Rxb4 Bf2 26. Rf1 cxb4 27. Rxf2 dxe5 28.
fxe5 Qc5 29. Qf1 Rc8 30. Bb3 Qc3 31. Rf3 Qd2 32. e6 Rc1 33. exf7+ Kxf7 34. Bc7 Rxf1+ 35.
Rxf1 Qd3 36. Rf3 Qb1+ 37. Kh2 Ke8 38. d6 Kd7 39. Bc4 a6 40. a5 Be6 41. Bxe6+ Kxe6 42. Re3+ Kd7 43. Re7+ Kc6 44. d7 Kxc7 45. d8=Q+ Kxd8 46. Rc7 Kxc7 0-1

[Event "*** Titled Tuesday Blitz"]
[Site "Chess.com"]
[Date "2019.11.05"]
[Round "2"]
[White "kinga2008"]
[Black "kleinebeer98"]
[Result "0-1"]
[WhiteElo "1920"]
[BlackElo "2679"]
[TimeControl "180+2"]
[EndTime "13:24:44 PST"]
[Termination "kleinebeer98 won on time"]

1. e4 e5 2. Nf3 Nc6 3. d4 exd4 4.
Bc4 Nf6 5. O-O d6 6. Nxd4 Bd7 7. Re1 Be7 8. Nc3 O-O 9. Be3 g6 10. Qd2 Ng4 11. Bf4 Bf6 12. Nxc6 bxc6 13. Bg3 Rb8 14.
Rab1 Bg7 15. Be2 Nf6 16. Bf3 Ng4 17. Be2 Re8 18. h3 Nf6 19. Bf3 Be6 20. a3 Nd7 21. Red1 Ne5 22. Be2 Qe7 23. f3 Bc4 24. Bf2 Bxe2 25.
Qxe2 Rb7 26. Qa6 Rbb8 27. f4 Nd7 28. Qxc6 Nf6 29. Bxa7 Ra8 30. Bf2 Rab8 31. Re1 Qf8 32. e5 Nh5 33. exd6 cxd6 34. Rxe8 Rxe8 35. Nd5 h6 36. a4 Kh7 37. a5 Rc8 38. Qd7 Rxc2 39. a6 Qa8 40. Nb4 Nxf4 0-1

[Event "*** Titled Tuesday Blitz"]
[Site "Chess.com"]
[Date "2019.11.05"]
[Round "2"]
[White "NoGalloNoParty"]
[Black "GianmarcoVaR"]
[Result "0-1"]
[WhiteElo "2305"]
[BlackElo "2532"]
[TimeControl "180+2"]
[EndTime "13:24:44 PST"]
[Termination "GianmarcoVaR won by resignation"]

1. d4 Nf6 2. Nf3 e6 3. c4 b6 4. g3 Bb7 5. Bg2 Be7 6. O-O O-O 7. Nc3 Ne4 8. Bd2 Bf6 9. Rc1 d6 10. b3 Nd7 11. Nxe4 Bxe4 12. Bc3 Qe7 13. Qd2 Rad8 14. Rfd1 Rfe8 15. h4 h6 16. Qe3 Ba8 17. b4 e5 18.
d5 Bb7 19. Nd2 Ba6 20. Ba1 Bc8 21. Ne4 h5 22. Qf3 g6 23. Nxf6+ Nxf6 24. Qc3 Bf5 25. c5 Be4 26. cxd6 cxd6 27. Bxe4 Nxe4 28. Qf3 f5 29. Rc6 Rc8 30. Rdc1 Qd7 31. Qe3 Kg7 32. f3 Nf6 33. Qg5 Nxd5 34. b5 Nf6 35. f4 Nh7 36. Bxe5+ Rxe5 37. fxe5 Nxg5 38.
Rxc8 Ne6 0-1

[Event "*** Titled Tuesday Blitz"]
[Site "Chess.com"]
[Date "2019.11.05"]
[Round "2"]
[White "MissingLife"]
[Black "PawnEatingZombie"]
[Result "1-0"]
[WhiteElo "2461"]
[BlackElo "2171"]
[TimeControl "180+2"]
[EndTime "13:24:44 PST"]
[Termination "MissingLife won by resignation"]

1. Nf3 d5 2. g3 e6 3. Bg2 b5 4. d3 Bb7 5. Nbd2 Nf6 6. O-O Be7 7. e4 O-O 8. e5 Nfd7 9. Re1 c5 10. Nf1 Qc7 11. h4 Nc6 12. Bf4 Rfc8 13. c4 Na5 14. cxb5 a6 15. bxa6 Bxa6 16. Rc1 Nc6 17.
a3 Qb6 18. Rc2 Rab8 19. h5 h6 20. g4 Bb5 21. Rce2 Qd8 22. Qd2 Nd4 23. Re3 Nxf3+ 24. Rxf3 c4 25. d4 Bg5 26. Be3 Ba4 27. Rg3 Rb3 28. f4 Bh4 29. f5 Bxg3 30. Nxg3 Rcb8 31. Qf2 Rxb2 32. Qf3 c3 33. f6 Qf8 34. g5 gxf6 35. exf6 c2 36. g6 Rb1 37. Bc1 Rxc1 38. Rxc1 Rb1 39.
Qe3 Nxf6 40. Ne2 Ne4 41. Bxe4 dxe4 42. Qxe4 Rxc1+ 43. Nxc1 Qxa3 44. gxf7+ Kxf7 45. Qh7+ Kf6 46. Qxh6+ Ke7 47. Ne2 Qd6 48. Qg7+ Kd8 49. Qg5+ Kc7 50. Qa5+ Qb6 51. Qxa4 Qb1+ 52. Kg2 c1=Q 53. Qa5+ Kc8 54. Nxc1 Qxc1 55. Qc5+ 1-0

[Event "*** Titled Tuesday Blitz"]
[Site "Chess.com"]
[Date "2019.11.05"]
[Round "2"]
[White "Bigfish1995"]
[Black "Qvalda"]
[Result "1-0"]
[WhiteElo "3025"]
[BlackElo "2527"]
[TimeControl "180+2"]
[EndTime "13:24:47 PST"]
[Termination "Bigfish1995 won by resignation"]

1. d4 d5 2. c4 e6 3. Nf3 a6 4. c5 b6 5. cxb6 cxb6 6. Bf4 Nf6 7.
e3 Bd6 8. Bd3 O-O 9. O-O Bxf4 10. exf4 Qd6 11. g3 Nc6 12. Nc3 Bd7 13. Rc1 Rfc8 14.
Qe2 b5 15. Rfd1 h6 16. h3 Be8 17. Qe3 Na5 18. b3 b4 19. Ne2 Bb5 20. Ne5 Bxd3 21. Nxd3 Ne4 22. f3 Nc3 23. Nxc3 bxc3 24. Nc5 Qb8 25. Rxc3 Nb7 26. Rdc1 Nd6 27. g4 a5 28. R3c2 Qa7 29. a4 Rab8 30. Qe5 Ne8 31. f5 exf5 32. Qxf5 Nf6 33. h4 Qe7 34. Qe5 Re8 35.
Qxe7 Rxe7 36. Kf2 Rbe8 37. Nd3 Re3 38. Rd2 g5 39. h5 Kg7 40. Rc5 R3e6 41. Rxa5 Rb8 42.
Ra7 Rxb3 43. Nc5 Rbb6 44. Nxe6+ Rxe6 45. Rc2 Rb6 46. Rcc7 Rb2+ 47. Ke1 Ne8 48. Rxf7+ Kg8 49. Rfd7 Rb1+ 50. Kd2 Kf8 51. Rd8 Rb2+ 52. Kc1 Re2 53. Raa8 1-0

[Event "*** Titled Tuesday Blitz"]
[Site "Chess.com"]
[Date "2019.11.05"]
[Round "2"]
[White "BlueWizzard"]
[Black "LastHeroJr"]
[Result "1-0"]
[WhiteElo "2855"]
[BlackElo "2596"]
[TimeControl "180+2"]
[EndTime "13:24:48 PST"]
[Termination "BlueWizzard won by resignation"]

1. d4 Nf6 2. Nf3 g6 3. Bg5 Bg7 4. Nbd2 O-O 5. c3 d6 6. e4 c5 7.
d5 e6 8. dxe6 Bxe6 9. Be2 Nc6 10. O-O Re8 11. Qc2 Qc7 12. Rfe1 d5 13. exd5 Bxd5 14.
Bh4 Ne4 15. Bc4 Bxc4 16. Nxe4 Bd5 17. Rad1 Bxe4 18. Rxe4 b6 19. h3 Na5 20. Qe2 Qc6 21. Re7 Bf8 22. Re5 Bg7 23. Re7 Bf8 24. Re3 Bh6 25. Ne5 Qe6 26. Ng4 Bxe3 27. Nf6+ Kh8 28. Nxe8 Bxf2+ 29. Qxf2 Rxe8 30. Qf6+ Qxf6 31. Bxf6+ Kg8 32.
Rd7 Nc4 33. b3 Ne3 34. c4 Nf5 35. Rxa7 Nd6 36. Ra6 Ne4 37. Rxb6 Nxf6 38. Rxf6 Re1+ 39. Kh2 Ra1 40. a4 Ra3 41. Rb6 Kg7 42. Kg3 Ra2 43.
Rb5 Ra3 44. Kf3 Kf6 45. Ke4 Ke6 46. a5 f5+ 47. Kf4 Kf6 48. Rb6+ Kf7 49. a6 Ra2 50.
Ke5 Rxg2 51. Rb7+ 1-0

[Event "*** Titled Tuesday Blitz"]
[Site "Chess.com"]
[Date "2019.11.05"]
[Round "2"]
[White "Macron20hTF1"]
[Black "ehrenfeld"]
[Result "0-1"]
[WhiteElo "2254"]
[BlackElo "2503"]
[TimeControl "180+2"]
[EndTime "13:24:48 PST"]
[Termination "ehrenfeld won by resignation"]

1. g3 d5 2. Bg2 c6 3. f4 Nf6 4. Nf3 Qb6 5. a4 a5 6. Ra3 Na6 7. Rb3 Qc7 8. O-O g6 9. d3 Bg7 10. Nc3 Nc5 11. Ra3 O-O 12. Ne5 d4 13. Nb1 Ng4 14.
Nxg4 Bxg4 15. h3 Be6 16. e4 dxe3 17. c3 Rad8 18. d4 Bd5 19. Bxd5 Rxd5 20. Bxe3 Ne4 21. Qf3 f5 22. c4 Rd7 23. Rd3 Rfd8 24. Rfd1 e5 25.
fxe5 Bxe5 26. g4 Nc5 27. R3d2 Ne4 28. dxe5 Nxd2 29. Rxd2 Rxd2 30. Nxd2 Qxe5 31. gxf5 Rf8 32. Qf4 Qxf4 33. Bxf4 Rxf5 34. Be3 Kf7 35. Kg2 Ke6 36. Ne4 b5 37. Nc5+ Kd6 38. Nb7+ Kc7 39. Nxa5 bxa4 40. c5 Rd5 41. Nc4 Rd3 42. Kf3 Rb3 43. Ke4 Rb4 44. Kd3 Rb3+ 45. Kc2 Kd7 46. Bd2 Rxh3 47. Nb6+ Ke6 48. Nxa4 h5 49. Nc3 h4 50. Ne4 Kd5 51.
Ng5 Rh1 52. b4 h3 53. Nf3 h2 54. Nxh2 Rxh2 55. Kd3 Rh3+ 56. Ke2 Kc4 57. Be1 Rb3 58. Bg3 Rxb4 59. Bd6 Rb5 60. Kf3 Rxc5 61. Kf4 Rd5 0-1

[Event "*** Titled Tuesday Blitz"]
[Site "Chess.com"]
[Date "2019.11.05"]
[Round "2"]
[White "JonahWillow"]
[Black "Tsschessulover"]
[Result "1-0"]
[WhiteElo "2796"]
[BlackElo "2436"]
[TimeControl "180+2"]
[EndTime "13:24:49 PST"]
[Termination "JonahWillow won by resignation"]

1. e4 e6 2. d4 d5 3. Nd2 Nf6 4. e5 Nfd7 5. c3 c5 6. f4 Nc6 7. Ndf3 cxd4 8. cxd4 Bb4+ 9. Kf2 O-O 10. g3 b6 11. Ne2 a5 12. Kg2 Ba6 13. Be3 Be7 14. a3 Rc8 15. Rc1 f5 16. Nc3 Bxf1+ 17. Rxf1 Na7 18.
Qa4 Rc4 19. Qb3 Qc7 20. Nd2 Rc6 21. h3 Rc8 22. g4 g6 23. gxf5 gxf5 24. Nf3 Rc4 25.
Kh2 Kf7 26. Rg1 Nf8 27. Rg2 Ng6 28. Rcg1 Qd8 29. Qd1 b5 30. Ng5+ Bxg5 31. Rxg5 b4 32. Qh5 Qg8 33. axb4 axb4 34. Nxd5 exd5 35. e6+ Kxe6 36.
Rxg6+ hxg6 37. Rxg6+ Qxg6 38. Qxg6+ Ke7 39. Qg7+ Kd6 40.
Qxa7 Rc2+ 41. Kg3 Rg8+ 42. Kf3 Rcg2 43. Qb6+ Ke7 44. Qxb4+ Ke6 45. Qb6+ Ke7 46. Qc7+ Ke8 47. Qe5+ Kd8 48. Qxd5+ Kc7 49. Qf7+ Kb6 50. Qf6+ Kb5 51. Qxf5+ Kc4 52. Qc5+ Kb3 53. Qc3+ Ka2 54. Bf2 Rh2 55.
Qc4+ Kxb2 56. Qxg8 1-0

[Event "*** Titled Tuesday Blitz"]
[Site "Chess.com"]
[Date "2019.11.05"]
[Round "2"]
[White "Mesutgm"]
[Black "GadimbayliA"]
[Result "0-1"]
[WhiteElo "2609"]
[BlackElo "2922"]
[TimeControl "180+2"]
[EndTime "13:24:50 PST"]
[Termination "GadimbayliA won by resignation"]

1. e4 e5 2. Nf3 Nf6 3. d4 Nxe4 4. Bd3 d5 5. Nxe5 Nd7 6. Nxd7 Bxd7 7. O-O Bd6 8. c4 c6 9. Nc3 O-O 10. cxd5 Nxc3 11.
bxc3 cxd5 12. Qh5 f5 13. Qf3 Bc6 14. Bf4 Qc7 15. Bxd6 Qxd6 16. Rfe1 g6 17. Re5 Rae8 18. Rae1 Qa3 19. Rxe8 Bxe8 20. Qxd5+ Bf7 21. Qc5 Qxc5 22. dxc5 Rc8 23. Re5 Bxa2 24. h4 Kf7 25. Re2 Bd5 26. c4 Bc6 27. f3 Rd8 28. Bc2 Rd4 29. Kf2 Rxh4 30. Ke3 Rh1 31. Kf4 Kf6 32. Rd2 a5 33. Rd6+ Ke7 34. g4 fxg4 35. fxg4 a4 36. Rd3 Rc1 37.
Re3+ Kd8 38. Bd3 a3 39. Re2 Ra1 40. g5 Kc7 41. Ke3 a2 42. Kd4 Bd7 43. Rh2 Bf5 44.
Rd2 Bxd3 45. Kxd3 Kc6 46. Kd4 Kc7 47. Kd5 Rg1 48. Rxa2 Rxg5+ 49. Kd4 h5 50. Rf2 Rf5 51. Re2 h4 52. Re7+ Kb8 53. Rh7 Rh5 54. Rg7 h3 0-1

[Event "*** Titled Tuesday Blitz"]
[Site "Chess.com"]
[Date "2019.11.05"]
[Round "2"]
[White "DeGrootteZ"]
[Black "Alexander_Moskalenko"]
[Result "0-1"]
[WhiteElo "2602"]
[BlackElo "2883"]
[TimeControl "180+2"]
[EndTime "13:24:55 PST"]
[Termination "Alexander_Moskalenko won by resignation"]

1. e4 c6 2. d4 d5 3. exd5 cxd5 4. c4 Nf6 5. Nc3 Nc6 6. Bg5 Be6 7. a3 g6 8. Bxf6 exf6 9. g3 Qd7 10. Bg2 Ne7 11.
c5 h5 12. h4 Bh6 13. Nge2 Kf8 14. b4 Kg7 15. a4 Rae8 16. Kf1 Bg4 17. Qd3 a6 18.
Re1 Nc6 19. Nxd5 Re6 20. Nb6 Nxb4 21. Qc4 Qe7 22. Qxb4 Rxe2 23. Rxe2 Qxe2+ 24. Kg1 Rd8 25. Bxb7 Be3 26. fxe3 Qxe3+ 27. Kh2 Rxd4 28. Qe1 Rd2+ 29. Bg2 Re2 30. Qf1 Rf2 31. Nc4 Qxc5 32. Qd3 Bf5 33.
Qe3 Rxg2+ 34. Kxg2 Qxc4 35. Re1 Qxa4 36. Re2 Qc4 37. Rd2 a5 38. Rd8 Be6 39. Rd4 Qc2+ 40.
Qd2 Qc6+ 41. Kh2 a4 42. Qb2 Qf3 43. Rf4 Qd1 44. Qxf6+ Kh7 45. Qd4 Qe1 46. Qf2 Qxf2+ 47. Rxf2 a3 48. Rf4 Bb3 49. Rf6 Bc4 50. Rf4 a2 0-1

[Event "*** Titled Tuesday Blitz"]
[Site "Chess.com"]
[Date "2019.11.05"]
[Round "2"]
[White "albi1999"]
[Black "justantan"]
[Result "1/2-1/2"]
[WhiteElo "2595"]
[BlackElo "2841"]
[TimeControl "180+2"]
[EndTime "13:24:55 PST"]
[Termination "Game drawn by repetition"]

1. d4 d5 2. c4 e6 3. Nf3 a6 4. Bg5 Be7 5. Bxe7 Nxe7 6. e3 O-O 7. Nc3 b6 8. cxd5 exd5 9. Rc1 Be6 10. Bd3 h6 11.
O-O Nd7 12. b4 Nc8 13. h3 Nd6 14. Qe2 a5 15. b5 Qf6 16. e4 dxe4 17. Nxe4 Qd8 18.
Ne5 Nxe5 19. dxe5 Nf5 20. Rfd1 Qe7 21. Qc2 Rfd8 22. a4 Rd4 23. Nf6+ gxf6 24. Bxf5 Bxf5 25. Qxf5 Qxe5 26. Qxe5 Rxd1+ 27. Rxd1 fxe5 28. Rd7 Rc8 29. Re7 f6 30. g4 Kf8 31. Rh7 Rd8 32. Rxc7 Rd4 33.
Rc6 Kg7 34. Rxb6 Rxa4 35. Ra6 Ra1+ 36. Kg2 a4 37. h4 Kg6 38. Kg3 Ra3+ 39. Kg2 Ra2 40. b6 a3 41. Kg3 Rb2 42. Rxa3 Rxb6 43. h5+ Kg7 44. Ra7+ Kg8 45. Kf3 Rb4 46. Ra6 Kf7 47.
Ra7+ Kg8 48. Rc7 Ra4 49. Kg3 Ra3+ 50. Kg2 Ra4 51. f3 Ra2+ 52. Kg3 Ra3 53. Kf2 Rb3 54. Ke2 Ra3 55. Rd7 Rb3 56. Rd3 Rb4 57. Ke3 Kf7 58.
Rd7+ Kg8 59. Rc7 Ra4 60. Kd3 Rf4 61. Ke3 Ra4 62. Kd3 Rf4 63. Ke3 Ra4 1/2-1/2

[Event "*** Titled Tuesday Blitz"]
[Site "Chess.com"]
[Date "2019.11.05"]
[Round "2"]
[White "Storne89"]
[Black "Bagirova"]
[Result "1-0"]
[WhiteElo "2691"]
[BlackElo "2108"]
[TimeControl "180+2"]
[EndTime "13:24:56 PST"]
[Termination "Storne89 won on time"]

1. e4 c5 2. Nf3 d6 3. d4 cxd4 4. Nxd4 Nf6 5. Nc3 a6 6. Be2 e6 7. f4 Be7 8. Be3 O-O 9. g4 Qc7 10. g5 Nfd7 11. Bf3 Nc6 12. Nxc6 bxc6 13. O-O Bb7 14. Bg2 c5 15. Qd2 Nb6 16. b3 d5 17.
exd5 exd5 18. Nxd5 Nxd5 19. Bxd5 Rad8 20. c4 Rd7 21. f5 Qe5 22. Rad1 Rfd8 23. f6 gxf6 24. Bf4 Qf5 25. gxf6 Bxf6 26. Bg3 Bd4+ 27. Qxd4 Qxf1+ 28. Rxf1 cxd4 29. Bxb7 Rxb7 30. Rd1 d3 31.
Kf2 Re7 32. Rd2 Rd4 33. c5 f5 34. Bd6 Rd7 35. Ke3 R4xd6 36. cxd6 Rxd6 37. Rxd3 f4+ 38. Ke4 Rc6 39. Rd2 Rf6 40. Kf3 Kf7 41.
Rd4 Kg6 42. Rxf4 Rc6 43. Ra4 Kf5 44. Ra5+ Kf6 45. Ke4 Ke6 46. Kd4 Kd6 47. Rh5 Rc7 48. Rh6+ Kd7 49. Rxh7+ Kc6 50. Rxc7+ Kxc7 51. h4 1-0

[Event "*** Titled Tuesday Blitz"]
[Site "Chess.com"]
[Date "2019.11.05"]
[Round "2"]
[White "gross-aleks"]
[Black "LuckIsMySkill"]
[Result "0-1"]
[WhiteElo "2543"]
[BlackElo "2772"]
[TimeControl "180+2"]
[EndTime "13:24:57 PST"]
[Termination "LuckIsMySkill won by resignation"]

1. c4 b6 2. Nc3 Bb7 3. e4 e5 4. Nf3 Nc6 5. d3 Bc5 6. Be2 d6 7. Be3 a5 8. O-O Nf6 9. Nd5 O-O 10. Bg5 Nd4 11. Nxf6+ gxf6 12. Bh6 Kh8 13. Bxf8 Qxf8 14. Kh1 Qh6 15. Nxd4 Bxd4 16. Qc1 Qxc1 17. Raxc1 Bxb2 18. Rc2 Bd4 19. Bg4 a4 20. Bf5 a3 21. g3 Ra4 22.
Rb1 Bb2 23. Kg2 Kg7 24. Kf3 Bc6 25. h4 Rb4 26. Rd2 Ba4 27. Kg2 b5 28. cxb5 Bxb5 29. Bg4 Rd4 30. Be2 c5 31. Rbd1 Bd7 32. Kf1 Be6 33.
Rb1 c4 34. Rbxb2 axb2 35. Rxb2 cxd3 36. Bf3 d2 37. Bd1 Bc4+ 38. Kg2 Kf8 39. f3 d5 40. exd5 Rxd5 41. Kf2 Ke7 42. a4 f5 43. Rc2 Bb3 44. Rc7+ Kd6 45. Bxb3 Kxc7 46. Ke2 Rd4 47. Ke3 d1=Q 0-1